[Event "Balkan Youth Online-ch 2020"]
[Site "Online"]
[Date "2020.10.31"]
[Round "1.2"]
[White "Yordanov, Mario"]
[Black "Sava, Robert-Gabriel"]
[Result "0-1"]
[ECO "B82"]
[WhiteElo "1213"]
[BlackElo "1716"]
[Annotator "NA RC"]
[PlyCount "76"]
[EventDate "2020.10.31"]
[EventType "swiss"]
[SourceTitle "playchess.com"]
[Source "ChessBase"]
[SourceQuality "1"]
[TimeControl "5400+30"]

1. e4 c5 2. Nf3 d6 3. d4 cxd4 4. Nxd4 Nf6 5. Nc3 Nc6 6. Be3 e6 7. f4 Be7 8. Bb5 O-O 9. Bxc6 bxc6 10. Nxc6 Qc7 11. Nxe7+ Qxe7 12. O-O Bb7 13. Qd3 d5 14. e5 Nd7 15. Qe2 Nc5 16. Qg4 Nd7 17. Qh5 f5 18. Bf2 Qb4 19. Ne2 Ba6 20. b3 Qd2 21. Rfe1 Bxe2 22. Rxe2 Qxf4 23. Rf1 Qb4 24. Re3 g6 25. Qh6 Nc5 26. c3 Qb5 27. Rh3 Rf7 28. Re1 Ne4 29. Rhe3 Nxf2 30. Kxf2 Qb6 31. h4 f4 32. Kg1 fxe3 33. h5 e2+ 34. Kh2 Qf2 35. hxg6 Qf4+ 36. Qxf4 Rxf4 37. gxh7+ Kxh7 38. Rxe2 Re4 0-1

[Event "Balkan Youth Online-ch 2020"]
[Site "Online"]
[Date "2020.10.31"]
[Round "1.3"]
[White "Sevig, Mert Can"]
[Black "Gkavardinas, Antonios"]
[Result "1-0"]
[ECO "B23"]
[WhiteElo "1472"]
[BlackElo "1606"]
[Annotator "NA RC"]
[PlyCount "111"]
[EventDate "2020.10.31"]
[EventType "swiss"]
[SourceTitle "playchess.com"]
[Source "ChessBase"]
[SourceQuality "1"]
[TimeControl "5400+30"]

1. e4 c5 2. Nc3 g6 3. f4 Bg7 4. Nf3 Nc6 5. Bb5 Nd4 6. Nxd4 cxd4 7. Ne2 Qb6 8. Bc4 e6 9. d3 Ne7 10. Bb3 O-O 11. O-O a5 12. a4 f5 13. Ng3 Kh8 14. Kh1 d6 15. Qe1 e5 16. Bd2 Bd7 17. Qf2 fxe4 18. Nxe4 d5 19. Ng3 exf4 20. Bxf4 Rae8 21. Qd2 Be6 22. Rae1 Nf5 23. Nxf5 Rxf5 24. Bh6 Ref8 25. Kg1 Qd6 26. Bxg7+ Kxg7 27. Qe2 Rxf1+ 28. Rxf1 Bf5 29. Qf3 Rc8 30. g4 Be6 31. Qf6+ Kg8 32. Qxd4 Qd7 33. h3 Re8 34. Re1 Qd6 35. Kg2 h5 36. Rxe6 Rxe6 37. Qxd5 Qxd5+ 38. Bxd5 Kf7 39. Kf3 h4 40. Kf4 Kf6 41. Bxe6 Kxe6 42. Kg5 Kf7 43. d4 Kg7 44. d5 Kf7 45. c4 Kg7 46. c5 Kf7 47. b3 Ke7 48. Kxg6 Kd7 49. Kf7 Kc7 50. Ke7 b6 51. d6+ Kb7 52. d7 b5 53. d8=Q b4 54. Kd6 Ka7 55. Kc6 Ka6 56. Qa8# 1-0

[Event "Balkan Youth Online-ch 2020"]
[Site "Online"]
[Date "2020.10.31"]
[Round "1.6"]
[White "Stefanoski, Daniel"]
[Black "Palaiologou, Apostolos"]
[Result "1-0"]
[ECO "B95"]
[WhiteElo "1129"]
[BlackElo "1410"]
[Annotator "NA RC"]
[PlyCount "85"]
[EventDate "2020.10.31"]
[EventType "swiss"]
[SourceTitle "playchess.com"]
[Source "ChessBase"]
[SourceQuality "1"]
[TimeControl "5400+30"]

1. e4 c5 2. Nf3 d6 3. d4 cxd4 4. Nxd4 Nf6 5. Nc3 a6 6. Bg5 e6 7. Be2 Be7 8. O-O O-O 9. Qd2 Qc7 10. f4 b5 11. Qe3 Bb7 12. Bf3 Nc6 13. Nce2 Nxd4 14. Nxd4 Qc5 15. Rad1 Rac8 16. c3 h6 17. Bh4 Rc7 18. Bf2 Qa7 19. Qe2 Qa8 20. Rfe1 Rd7 21. h3 d5 22. e5 Ne8 23. Kh2 Nc7 24. Rg1 Bc5 25. g4 f6 26. f5 fxe5 27. fxe6 Rdd8 28. Nf5 Nxe6 29. Qxe5 Qb8 30. Qxb8 Rxb8 31. Bxc5 Nxc5 32. Bxd5+ Bxd5 33. Rxd5 Na4 34. Ne7+ Kh7 35. g5 Rf2+ 36. Kh1 Nxb2 37. gxh6 gxh6 38. Rg6 Rb7 39. Rh5 Rf1+ 40. Kg2 Rf2+ 41. Kxf2 Nd3+ 42. Kg1 Rxe7 43. Rhxh6# 1-0

[Event "Balkan Youth Online-ch 2020"]
[Site "Online"]
[Date "2020.10.31"]
[Round "1.13"]
[White "Mogirzan, Matei-Valeriu"]
[Black "Nikolovski, Kiril"]
[Result "1-0"]
[ECO "B02"]
[WhiteElo "1813"]
[BlackElo "1282"]
[Annotator "NA RC"]
[PlyCount "105"]
[EventDate "2020.10.31"]
[EventType "swiss"]
[SourceTitle "playchess.com"]
[Source "ChessBase"]
[SourceQuality "1"]
[TimeControl "5400+30"]

1. e4 d5 2. exd5 Nf6 3. d4 Nxd5 4. Nc3 Nxc3 5. bxc3 Nc6 6. Nf3 Bg4 7. d5 Ne5 8. Nxe5 Bxd1 9. Bb5+ c6 $1 10. dxc6 a6 11. c7+ $17 (11. cxb7+ $11 axb5 12. Nc6) 11... axb5 12. cxd8=Q+ Rxd8 13. O-O f6 14. Nf3 Bxc2 15. Nd4 Bd3 16. Re1 e5 17. a4 (17. Ne6 $17 Rd7 18. Nxf8 Kxf8 19. Ba3+ Kf7 20. Bb4) 17... b4 18. Ne6 Rd6 19. Nxf8 Rxf8 20. cxb4 Rd4 21. Be3 Rd7 22. Bc5 Rff7 23. b5 Kd8 24. Rec1 Ke8 25. Rc3 Be4 26. a5 Bd3 27. a6 bxa6 28. bxa6 Be4 29. a7 Ba8 30. Bb6 Rf8 31. f4 e4 32. Rc8+ Kf7 33. Rxf8+ Kxf8 34. Rc1 Bb7 35. a8=Q+ Bxa8 36. Rc8+ Kf7 37. Rxa8 f5 38. Ra7 Rxa7 39. Bxa7 Ke6 40. Bd4 g6 41. Kf2 Kd5 42. Ke3 Kc4 43. Ba7 Kc3 44. Bb8 Kc2 45. Ba7 Kd1 46. g4 Ke1 47. gxf5 gxf5 48. Kd4 Kf2 49. Ke5+ Kg2 50. Kxf5 Kxh2 51. Kxe4 Kg3 52. f5 h5 53. f6 1-0

[Event "Balkan Youth Online-ch 2020"]
[Site "Online"]
[Date "2020.10.31"]
[Round "1.14"]
[White "Cvetkovski, Gjorgji"]
[Black "Magold, Filip"]
[Result "0-1"]
[ECO "B51"]
[WhiteElo "1332"]
[BlackElo "2043"]
[Annotator "RC"]
[PlyCount "58"]
[EventDate "2020.10.31"]
[EventType "swiss"]
[SourceTitle "playchess.com"]
[Source "ChessBase"]
[SourceQuality "1"]
[TimeControl "5400+30"]

1. e4 c5 2. Nf3 d6 3. Bb5+ Nd7 4. Bxd7+ Bxd7 5. O-O Nf6 6. Nc3 g6 7. Re1 Bg7 8. h3 O-O 9. d4 cxd4 10. Nxd4 a6 11. b3 Rc8 12. Bb2 b5 13. a3 Qc7 14. Rb1 e5 15. Nf3 Bc6 16. Qe2 Rfd8 17. Rbd1 Nh5 18. g3 Nf6 19. Rd2 Qb7 20. b4 Qe7 21. Red1 Bb7 22. Kh2 Rc4 23. Nd5 Nxd5 24. exd5 Rdc8 25. Nh4 Bh6 26. Rd3 Rxc2 27. Qf3 Rxb2 28. Re1 Rcc2 29. Rf1 e4 0-1

[Event "Balkan Youth Online-ch 2020"]
[Site "Online"]
[Date "2020.10.31"]
[Round "1.16"]
[White "Tsarsitalidis, Christos"]
[Black "Boeru, Dragos-Matei"]
[Result "1-0"]
[ECO "B28"]
[WhiteElo "1786"]
[BlackElo "1756"]
[Annotator "NA RC"]
[PlyCount "125"]
[EventDate "2020.10.31"]
[EventType "swiss"]
[SourceTitle "playchess.com"]
[Source "ChessBase"]
[SourceQuality "1"]
[TimeControl "5400+30"]

1. e4 c5 2. Nf3 e6 3. c3 a6 4. d4 cxd4 5. cxd4 b5 6. Bf4 Bb7 7. Bd3 Nf6 8. Qe2 Be7 9. O-O O-O 10. Nbd2 Nc6 11. Rac1 Rc8 12. Bg5 d5 13. Bxf6 Bxf6 14. e5 Bg5 15. Nxg5 Qxg5 16. f4 Qe7 17. Nf3 h6 18. Qf2 Nb4 19. Bb1 Rxc1 20. Rxc1 Rc8 21. Rxc8+ Bxc8 22. a3 Nc6 23. Qc2 Qc7 24. Qh7+ Kf8 25. Qh8+ Ke7 26. Qxg7 Nxd4 27. Nxd4 Qc5 28. f5 Qxd4+ 29. Kf1 Qf4+ 30. Ke2 exf5 31. Qf6+ Ke8 32. Qc6+ Bd7 33. Qa8+ Ke7 34. Qxd5 Qc4+ 35. Qxc4 bxc4 36. Ke3 f6 37. Kd4 Be6 38. exf6+ Kxf6 39. Kc3 Bd5 40. g3 Kg5 41. Ba2 Kg4 42. Bxc4 Bxc4 43. Kxc4 Kh3 44. b4 Kxh2 45. a4 Kxg3 46. b5 axb5+ 47. axb5 f4 48. b6 f3 49. b7 f2 50. b8=Q+ Kg2 51. Qg8+ Kh2 52. Qf8 Kg2 53. Qg7+ Kf3 54. Qf6+ Kg2 55. Qg6+ Kh2 56. Qh5+ Kg3 57. Qh1 h5 58. Kd3 h4 59. Ke2 h3 60. Qf3+ Kh2 61. Qxf2+ Kh1 62. Kf1 h2 63. Qg2# 1-0

[Event "Balkan Youth Online-ch 2020"]
[Site "Online"]
[Date "2020.10.31"]
[Round "1.18"]
[White "Pehlivan, Mert"]
[Black "Kalin, Andrei"]
[Result "1-0"]
[ECO "B53"]
[WhiteElo "1653"]
[BlackElo "1426"]
[Annotator "NA RC"]
[PlyCount "33"]
[EventDate "2020.10.31"]
[EventType "swiss"]
[SourceTitle "playchess.com"]
[Source "ChessBase"]
[SourceQuality "1"]
[TimeControl "5400+30"]

1. e4 c5 2. Nf3 d6 3. d4 cxd4 4. Qxd4 Nc6 5. Bb5 Bd7 6. Bxc6 bxc6 7. c4 Nf6 8. Nc3 e5 9. Qd3 Be7 10. Bg5 Nh5 11. Bxe7 Qxe7 12. O-O-O d5 13. exd5 Nf4 14. Qd2 cxd5 15. Nxd5 Nxd5 16. Qxd5 Bg4 17. Qxa8+ 1-0

[Event "Balkan Youth Online-ch 2020"]
[Site "Online"]
[Date "2020.10.31"]
[Round "1.22"]
[White "Cimperman, Teo"]
[Black "Dragicevic, Niksa"]
[Result "1-0"]
[ECO "C50"]
[WhiteElo "1488"]
[BlackElo "1068"]
[Annotator "NA RC"]
[PlyCount "111"]
[EventDate "2020.10.31"]
[EventType "swiss"]
[SourceTitle "playchess.com"]
[Source "ChessBase"]
[SourceQuality "1"]
[TimeControl "5400+30"]

1. e4 e5 2. Nf3 Nc6 3. Bc4 Bc5 4. Nc3 Nf6 5. d3 h6 6. Be3 Bb6 7. O-O O-O 8. h3 d6 9. Qd2 Be6 10. Bb3 Ba5 11. Rfe1 Bxb3 12. axb3 Bb6 13. d4 Qe7 14. d5 Bxe3 15. Rxe3 Nb4 16. Ne2 Na6 17. Ng3 g6 18. Ree1 Kh7 19. Nh4 Ng8 20. Nf3 Nf6 21. b4 Rac8 22. b5 Nc5 23. b4 Ncd7 24. c4 Ra8 25. Qc2 Rfc8 26. Rec1 c6 27. bxc6 bxc6 28. Qd3 cxd5 29. cxd5 Nb6 30. b5 Rc7 31. Rc6 Rac8 32. Rac1 Na4 33. Rxc7 Rxc7 34. Rc6 Nc5 35. Qc2 Rxc6 36. bxc6 Qc7 37. Qb2 Ne8 38. Nd2 Qb6 39. Qxb6 axb6 40. Ne2 Nc7 41. Nc4 b5 42. Nxd6 b4 43. Nc4 Nxe4 44. d6 Ne6 45. c7 Nxd6 46. Nxd6 Nxc7 47. Nxf7 Nd5 48. Nxe5 b3 49. Nc4 g5 50. Nd4 Nb6 51. Nb2 Kg6 52. Nxb3 Nd5 53. Nd3 Nc3 54. f3 Ne2+ 55. Kf2 Nd4 56. Nxd4 1-0

[Event "Balkan Youth Online-ch 2020"]
[Site "Online"]
[Date "2020.10.31"]
[Round "1.23"]
[White "Milovic, Ilija"]
[Black "Markosek, Bine"]
[Result "0-1"]
[ECO "C30"]
[WhiteElo "1044"]
[BlackElo "1287"]
[Annotator "NA RC"]
[PlyCount "108"]
[EventDate "2020.10.31"]
[EventType "swiss"]
[SourceTitle "playchess.com"]
[Source "ChessBase"]
[SourceQuality "1"]
[TimeControl "5400+30"]

1. e4 e5 2. f4 Bc5 3. Nf3 d6 4. Nc3 Nc6 5. Na4 Bb6 6. Nxb6 axb6 7. Bb5 Bg4 8. O-O Nge7 9. d4 exd4 10. Qxd4 O-O 11. Qc3 f5 12. e5 dxe5 13. Nxe5 Nxe5 14. Qxe5 Qd6 15. Re1 Nc6 16. Bc4+ Kh8 17. Qxd6 cxd6 18. h3 Bh5 19. Bd5 Nb4 20. Bb3 Bf7 21. Bd2 Bxb3 22. Bxb4 Bxc2 23. Bxd6 Rfd8 24. Rac1 Be4 25. Be5 Rd2 26. Rxe4 fxe4 27. Rc7 Rg8 28. Rxb7 e3 29. Bc3 Rd1+ 30. Kh2 h5 31. Re7 Rd3 32. f5 Kh7 33. f6 Kg6 34. fxg7 h4 35. Re4 Kf5 36. Rxh4 Rxc3 37. bxc3 e2 38. Rh8 e1=Q 39. Rxg8 Qe5+ 40. Kg1 Kg6 41. Rh8 Kxg7 42. Rh4 Qc5+ 43. Kh2 Qe5+ 44. g3 Qxc3 45. Rg4+ Kf6 46. Rf4+ Ke5 47. h4 Qc2+ 48. Kh3 Qxa2 49. h5 b5 50. h6 Qe6+ 51. Rg4 Qxh6+ 52. Rh4 Qe6+ 53. Rg4 b4 54. Kh4 Qh6# 0-1

[Event "Balkan Youth Online-ch 2020"]
[Site "Online"]
[Date "2020.10.31"]
[Round "1.30"]
[White "Xheladini, Valton"]
[Black "Erdogan, Tekin Alp"]
[Result "0-1"]
[ECO "C42"]
[WhiteElo "1440"]
[BlackElo "1828"]
[Annotator "NA RC"]
[PlyCount "96"]
[EventDate "2020.10.31"]
[EventType "swiss"]
[SourceTitle "playchess.com"]
[Source "ChessBase"]
[SourceQuality "1"]
[TimeControl "5400+30"]

1. e4 e5 2. Nf3 Nf6 3. Nxe5 d6 4. Nf3 Nxe4 5. Nc3 Nf6 6. Bc4 {[%emt 0:00:32] C42: Petroff Defence: 3 Nxe5 and unusual White 3rd moves.} Be7 7. O-O O-O 8. d4 d5 9. Bb3 c6 {[%emt 0:00:55] [#]} 10. h3 $146 ({Predecessor:} 10. Re1 Ng4 11. h3 Nf6 12. Bf4 Bf5 13. Bg5 Nbd7 14. Ne5 h6 15. Bh4 c5 16. Nxd7 Bxd7 17. dxc5 {1-0 (27) Bolla,V (1782)-Nazzarri,E Rome 2011}) 10... h6 11. Re1 Bd6 12. Be3 Re8 13. Nd2 Nbd7 14. Qf3 Nf8 15. Bf4 Rxe1+ 16. Rxe1 Ng6 17. Bxd6 Qxd6 18. Ne2 Bd7 19. Ng3 Nh4 20. Qd3 Qf4 21. c3 Bxh3 22. gxh3 Qxd2 23. Qxd2 Nf3+ 24. Kg2 Nxd2 25. Bc2 Nc4 26. b3 Nd6 27. f3 $17 g6 28. Kf2 Kf8 29. Nf1 Nh5 30. Ne3 Re8 31. Ng4 Nb5 32. Rxe8+ Kxe8 33. Ke3 Nxc3 34. a4 Na2 35. Ne5 Nb4 36. Bb1 Ke7 37. Nd3 Nxd3 38. Bxd3 Ke6 39. b4 g5 40. b5 Nf4 41. Bf1 Kd6 42. h4 c5 43. hxg5 hxg5 44. a5 c4 45. Kd2 a6 46. b6 Kc6 47. Kc3 Kb5 48. Bxc4+ dxc4 0-1

[Event "Balkan Youth Online-ch 2020"]
[Site "Online"]
[Date "2020.10.31"]
[Round "1.33"]
[White "Zlatkov, Anton"]
[Black "Dafa, Sirio"]
[Result "1-0"]
[ECO "C56"]
[WhiteElo "2032"]
[BlackElo "1004"]
[Annotator "RC"]
[PlyCount "48"]
[EventDate "2020.10.31"]
[EventType "swiss"]
[SourceTitle "playchess.com"]
[Source "ChessBase"]
[SourceQuality "1"]
[TimeControl "5400+30"]

1. e4 e5 2. Nf3 Nc6 3. d4 exd4 4. Bc4 Nf6 5. e5 d5 6. Bb5 Ne4 7. Nxd4 Bd7 8. Bxc6 bxc6 9. O-O Bc5 10. f3 Ng5 11. Be3 O-O 12. f4 Ne4 13. Nc3 Bxd4 14. Bxd4 Nxc3 15. bxc3 Qe7 16. f5 Rfe8 17. Qd2 f6 18. e6 Bc8 19. Qe3 Qd6 20. Rae1 Ba6 21. Rf3 Rab8 22. Rg3 Kh8 23. Rg4 c5 24. Qh6 Qc6 1-0

[Event "Balkan Youth Online-ch 2020"]
[Site "Online"]
[Date "2020.10.31"]
[Round "1.38"]
[White "Papidakis, Georgios"]
[Black "Kilic, Gokturk Kagan"]
[Result "1-0"]
[ECO "E73"]
[WhiteElo "2135"]
[BlackElo "2084"]
[Annotator "RC"]
[PlyCount "93"]
[EventDate "2020.10.31"]
[EventType "swiss"]
[SourceTitle "playchess.com"]
[Source "ChessBase"]
[SourceQuality "1"]
[TimeControl "5400+30"]

1. d4 Nf6 2. c4 g6 3. Nc3 Bg7 4. e4 d6 5. Be2 Nbd7 6. Be3 e5 7. d5 O-O 8. Qd2 Nc5 9. f3 a5 10. h4 Nh5 11. O-O-O f5 12. exf5 gxf5 13. Bg5 Qe8 14. Nb5 Qf7 15. Be3 b6 16. Nh3 f4 17. Bf2 h6 18. Nc3 Bf5 19. Bxc5 bxc5 20. Bd3 Ng3 21. Rh2 a4 22. Nf2 a3 23. b3 Qg6 24. Nfe4 Rfb8 25. Nxg3 fxg3 26. Bxf5 Qxf5 27. Rh3 e4 28. Nxe4 Qe5 29. Qc2 Qa1+ 30. Kd2 Qd4+ 31. Kc1 Qb2+ 32. Kd2 Qe5 33. Rxg3 Kh8 34. Re1 Re8 35. Rg4 h5 36. Rg6 Qf4+ 37. Kd1 Qxh4 38. Qd2 Re5 39. g3 Qh3 40. Ng5 Rxe1+ 41. Qxe1 Qf5 42. Qe4 Qxe4 43. Nxe4 Rb8 44. Kc2 Kh7 45. Re6 Rf8 46. Re7 Rxf3 47. Ng5+ 1-0

[Event "Balkan Youth Online-ch 2020"]
[Site "Online"]
[Date "2020.10.31"]
[Round "1.54"]
[White "Bagas, Ana"]
[Black "Aldea, Maria-Antonia"]
[Result "1/2-1/2"]
[ECO "B40"]
[WhiteElo "1589"]
[BlackElo "1181"]
[Annotator "NA RC"]
[PlyCount "117"]
[EventDate "2020.10.31"]
[EventType "swiss"]
[SourceTitle "playchess.com"]
[Source "ChessBase"]
[SourceQuality "1"]
[TimeControl "5400+30"]

1. e4 c5 2. Nf3 e6 3. c3 Nc6 4. Bd3 d6 5. Bc2 g6 6. d3 Bg7 7. Bg5 Nge7 8. Nbd2 O-O 9. h4 h5 10. Nf1 d5 11. Ng3 b6 12. Qd2 Bb7 13. Bh6 Rc8 14. Bxg7 Kxg7 15. Qg5 Rh8 16. O-O-O d4 17. e5 Nd5 18. c4 Qxg5+ 19. Nxg5 Nde7 20. N3e4 Nf5 21. g3 Nxe5 22. f4 Ng4 23. Rhe1 Nge3 24. Rd2 Rhd8 25. Rg1 a6 26. a3 b5 27. cxb5 axb5 28. Bb3 c4 29. dxc4 Nxc4 30. Bxc4 Rxc4+ 31. Rc2 Rxc2+ 32. Kxc2 Rc8+ 33. Kd3 Bxe4+ 34. Nxe4 Rd8 35. Nc5 Rd5 36. b4 Ne3 37. Rc1 Nf5 38. Ne4 Ne3 39. Rc5 Nf5 40. Rxd5 exd5 41. Nc5 Kf6 42. a4 bxa4 43. Nxa4 Ke6 44. Nc5+ Kd6 45. Nb3 Nxg3 46. Nxd4 Ne4 47. b5 Kc5 48. Nc6 Kxb5 49. Nd8 Nd6 50. Kd4 Nf5+ 51. Kxd5 Nxh4 52. Nxf7 Nf5 53. Ke5 h4 54. Ng5 Ng3 55. Kf6 Ne2 56. Nh3 Kc5 57. Kxg6 Nxf4+ 58. Nxf4 h3 59. Nxh3 1/2-1/2

[Event "Balkan Youth Online-ch 2020"]
[Site "Online"]
[Date "2020.10.31"]
[Round "1.55"]
[White "Timagina, Sofia"]
[Black "Yurt, Nehir"]
[Result "1/2-1/2"]
[ECO "C55"]
[WhiteElo "1127"]
[BlackElo "1230"]
[Annotator "NA RC"]
[PlyCount "127"]
[EventDate "2020.10.31"]
[EventType "swiss"]
[SourceTitle "playchess.com"]
[Source "ChessBase"]
[SourceQuality "1"]
[TimeControl "5400+30"]

1. e4 e5 2. Nf3 Nc6 3. Bc4 Nf6 4. d3 Be7 5. Nc3 O-O 6. O-O d6 7. h3 Be6 8. Nd5 Bxd5 9. Bxd5 Nxd5 10. exd5 Nb8 11. Be3 c6 12. c4 cxd5 13. cxd5 Nd7 14. Rc1 Rc8 15. Qd2 Nf6 16. Rxc8 Qxc8 17. Qa5 a6 18. Rc1 Qf5 19. Qc7 Nxd5 20. Qxb7 h6 21. Qxd5 Qe6 22. Qxe6 fxe6 23. Rc7 Re8 24. a3 Kf8 25. Ra7 Rb8 26. b4 Bf6 27. Rxa6 Rd8 28. b5 Be7 29. b6 Rb8 30. Ra7 Ke8 31. b7 Kd7 32. a4 Kc7 33. d4 e4 34. Nd2 d5 35. a5 Rxb7 36. Bf4+ Kc6 37. Rxb7 Kxb7 38. Nb3 Bb4 39. Kf1 Bc3 40. Ke2 Ka6 41. Nc5+ Kxa5 42. Nxe6 g5 43. Bg3 Kb4 44. f3 Kc4 45. Be5 exf3+ 46. Kxf3 Kd3 47. Kg4 Ke2 48. h4 gxh4 49. Kxh4 Kf2 50. g3 Be1 51. Nc7 Kf3 52. Nxd5 Ke4 53. Nf6+ Kf5 54. Kh5 Ke6 55. Kxh6 Bd2+ 56. Kg6 Be3 57. g4 Ke7 58. d5 Bc5 59. g5 Bb4 60. Ng8+ Kd7 61. Kf7 Bc5 62. g6 Bb4 63. g7 Bf8 64. gxf8=Q 1/2-1/2

[Event "Balkan Youth Online-ch 2020"]
[Site "Online"]
[Date "2020.10.31"]
[Round "1.57"]
[White "Kontogianni, Vasiliki"]
[Black "Caku, Kler"]
[Result "1/2-1/2"]
[ECO "D30"]
[WhiteElo "1144"]
[BlackElo "1199"]
[Annotator "NA RC"]
[PlyCount "77"]
[EventDate "2020.10.31"]
[EventType "swiss"]
[SourceTitle "playchess.com"]
[Source "ChessBase"]
[SourceQuality "1"]
[TimeControl "5400+30"]

1. d4 d5 2. c4 c6 3. Nf3 Nf6 4. Qc2 e6 5. Bf4 Bd6 6. Bxd6 Qxd6 7. e3 O-O 8. Bd3 h6 9. O-O Nbd7 10. c5 Qc7 11. Nc3 e5 12. dxe5 Nxe5 13. Nxe5 Qxe5 14. h3 Qg5 15. Kh1 Qe5 16. Ne2 Bd7 17. Nd4 Rfe8 18. Bf5 Bxf5 19. Qxf5 Qxf5 20. Nxf5 Ne4 21. b4 Re5 22. Nd4 a5 23. a3 Rg5 24. g4 h5 25. Nf3 Rg6 26. Nh4 Rf6 27. gxh5 Nxf2+ 28. Kg2 Ne4 29. Rxf6 Nxf6 30. Rf1 Nxh5 31. Nf5 axb4 32. axb4 Ra2+ 33. Kg1 Rb2 34. Nd6 Nf6 35. Rf4 Re2 36. Rf3 Rb2 37. Rf4 Re2 38. Rf3 Rb2 39. Rf4 1/2-1/2

[Event "Balkan Youth Online-ch 2020"]
[Site "Online"]
[Date "2020.10.31"]
[Round "1.63"]
[White "Stankovic, Andrea"]
[Black "Karadas, Hena"]
[Result "1-0"]
[ECO "A52"]
[WhiteElo "1534"]
[BlackElo "1191"]
[Annotator "NA RC"]
[PlyCount "65"]
[EventDate "2020.10.31"]
[EventType "swiss"]
[SourceTitle "playchess.com"]
[Source "ChessBase"]
[SourceQuality "1"]
[TimeControl "5400+30"]

1. d4 Nf6 2. c4 e5 3. dxe5 Ng4 4. Nf3 Bc5 5. e3 Nc6 6. Nc3 Ngxe5 7. Nxe5 Nxe5 8. Be2 O-O 9. O-O a5 10. Ne4 Ba7 11. b3 d6 12. Bb2 Bf5 13. Ng3 Bg6 14. Qd2 Qe7 15. Qc3 f6 16. Rad1 Bb6 17. Rd2 a4 18. Rfd1 Nc6 19. b4 Qf7 20. c5 Nxb4 21. cxb6 Nxa2 22. Qxc7 Qxc7 23. bxc7 Bf7 24. Ba3 Nc3 25. Rc1 Nxe2+ 26. Nxe2 Rfe8 27. Rxd6 Be6 28. Nd4 Bb3 29. Rb6 Bd5 30. Nb5 h6 31. Nd6 Re6 32. c8=Q+ Rxc8 33. Nxc8 1-0

[Event "Balkan Youth Online-ch 2020"]
[Site "Online"]
[Date "2020.10.31"]
[Round "1.64"]
[White "Baklova, Mila"]
[Black "Tirpan, Ceren"]
[Result "0-1"]
[ECO "C51"]
[WhiteElo "1226"]
[BlackElo "1379"]
[Annotator "NA RC"]
[PlyCount "66"]
[EventDate "2020.10.31"]
[EventType "swiss"]
[SourceTitle "playchess.com"]
[Source "ChessBase"]
[SourceQuality "1"]
[TimeControl "5400+30"]

1. e4 e5 2. Nf3 Nc6 3. Bc4 Bc5 4. b4 Bxb4 5. c3 Be7 6. d4 exd4 7. cxd4 d6 8. Qb3 Na5 9. Bxf7+ Kf8 10. Qd5 c6 11. Qh5 Nf6 12. Qh4 Kxf7 13. Ng5+ Ke8 14. O-O h5 15. Nc3 g6 16. f3 Nh7 17. f4 Rf8 18. Qg3 Nxg5 19. fxg5 Rxf1+ 20. Kxf1 Be6 21. Ba3 Nc4 22. Bb4 a5 23. Bxd6 Qxd6 24. Qd3 Qf4+ 25. Kg1 Bxg5 26. Qc2 Qe3+ 27. Kh1 Rd8 28. d5 Bg4 29. Rf1 Nd2 30. Rg1 Bf6 31. Nd1 Bxd1 32. Qxd1 Nxe4 33. Qb1 Nf2# 0-1

[Event "Balkan Youth Online-ch 2020"]
[Site "Online"]
[Date "2020.10.31"]
[Round "1.65"]
[White "Rasheva, Nora"]
[Black "Christodoulou, Georgia"]
[Result "0-1"]
[ECO "D56"]
[WhiteElo "1588"]
[BlackElo "1373"]
[Annotator "NA RC"]
[PlyCount "136"]
[EventDate "2020.10.31"]
[EventType "swiss"]
[SourceTitle "playchess.com"]
[Source "ChessBase"]
[SourceQuality "1"]
[TimeControl "5400+30"]

1. d4 d5 2. Nf3 Nf6 3. c4 e6 4. Nc3 Be7 5. Bg5 O-O 6. e3 h6 7. Bh4 c5 8. cxd5 exd5 9. dxc5 g5 10. Bg3 Bxc5 11. Be5 Be6 12. Bd4 Bxd4 13. Nxd4 Nc6 14. Be2 Qb6 15. Qd2 Nxd4 16. exd4 Ne4 17. Nxe4 dxe4 18. O-O Rfd8 19. Rfd1 Rd6 20. Qe3 Bf5 21. Rd2 Rad8 22. Rad1 Bg6 23. g4 f6 24. Bc4+ Kg7 25. Bb3 h5 26. h3 hxg4 27. hxg4 Qc7 28. Bc2 Qd7 29. Qe2 f5 30. gxf5 Qxf5 31. Qe3 Qg4+ 32. Qg3 Qxg3+ 33. fxg3 e3 34. Rh2 Rxd4 35. Re1 Bxc2 36. Rxc2 Rd1 37. Kf1 Rxe1+ 38. Kxe1 Rd7 39. Ke2 Re7 40. Kf3 Kf6 41. Re2 Kf5 42. g4+ Kf6 43. b3 Re5 44. Rc2 e2 45. Rxe2 Rxe2 46. Kxe2 Ke5 47. Ke3 b6 48. a3 a6 49. b4 b5 50. Kd3 Kf4 51. Kd4 Kxg4 52. Kc5 Kh3 53. Kb6 g4 54. Kxa6 g3 55. Kxb5 g2 56. a4 g1=Q 57. a5 Qa7 58. a6 Kg4 59. Ka5 Qc7+ 60. Ka4 Qb6 61. b5 Kf5 62. Kb4 Ke5 63. Ka4 Kd5 64. Kb4 Kd4 65. a7 Qxa7 66. b6 Qxb6+ 67. Ka4 Kc3 68. Ka3 Qb3# 0-1

[Event "Balkan Youth Online-ch 2020"]
[Site "Online"]
[Date "2020.10.31"]
[Round "1.67"]
[White "Criveanu, Maria"]
[Black "Davitkova, Jovana"]
[Result "1-0"]
[ECO "B22"]
[WhiteElo "1054"]
[BlackElo "1227"]
[Annotator "NA RC"]
[PlyCount "45"]
[EventDate "2020.10.31"]
[EventType "swiss"]
[SourceTitle "playchess.com"]
[Source "ChessBase"]
[SourceQuality "1"]
[TimeControl "5400+30"]

1. e4 c5 2. Nf3 d6 3. c3 Nc6 4. d4 cxd4 5. cxd4 e6 6. Nc3 Nf6 7. Bb5 Bd7 8. O-O Be7 9. d5 exd5 10. exd5 Ne5 11. Nxe5 dxe5 12. d6 Bf8 13. Re1 Bxb5 14. Rxe5+ Kd7 15. Nxb5 a6 16. Qf3 Rb8 17. Qf5+ Kc6 18. Be3 Bxd6 19. Rc1+ Bc5 20. Rexc5+ Kb6 21. R5c4+ Ka5 22. Nc3+ b5 23. Ra4# 1-0

[Event "Balkan Youth Online-ch 2020"]
[Site "Online"]
[Date "2020.10.31"]
[Round "1.68"]
[White "Vaupot, Eliza"]
[Black "Pirvan, Maria"]
[Result "0-1"]
[ECO "B23"]
[WhiteElo "1198"]
[BlackElo "1484"]
[Annotator "NA RC"]
[PlyCount "114"]
[EventDate "2020.10.31"]
[EventType "swiss"]
[SourceTitle "playchess.com"]
[Source "ChessBase"]
[SourceQuality "1"]
[TimeControl "5400+30"]

1. e4 c5 2. Nc3 e6 3. f4 d5 4. d3 Nc6 5. Nf3 Nf6 6. g3 Be7 7. Bg2 O-O 8. O-O Qb6 9. Kh1 Rd8 10. e5 Nd7 11. Qe2 f6 12. Bh3 Nf8 13. b3 f5 14. Rg1 Ng6 15. g4 Kh8 16. gxf5 exf5 17. Ng5 Bxg5 18. Rxg5 Nce7 19. Qh5 Rf8 20. Nd1 d4 21. Nf2 Kg8 22. Ba3 h6 23. Rg3 Kh7 24. Bc1 Qc6+ 25. Bg2 Qe6 26. Bh3 Qf7 27. Bd2 Be6 28. Re1 Bd5+ 29. Kg1 Be6 30. Kh1 Rad8 31. Reg1 Bd5+ 32. Bg2 Bxg2+ 33. R1xg2 Rc8 34. Nh3 Kg8 35. a4 Rc6 36. Re2 Re6 37. Re1 b6 38. Re2 Nh8 39. Qxf7+ Rxf7 40. Reg2 Nhg6 41. Nf2 Kh7 42. Kg1 Nd5 43. Nh3 Nh4 44. Rf2 a6 45. Kf1 b5 46. axb5 axb5 47. Ke2 b4 48. Rg1 Ra7 49. Rff1 Rea6 50. Rc1 Ra2 51. Nf2 Nc3+ 52. Bxc3 bxc3 53. h3 Ng6 54. Kd1 Nxf4 55. Rg3 Ra1 56. Rf3 Rxc1+ 57. Kxc1 Ra1# 0-1

[Event "Balkan Youth Online-ch 2020"]
[Site "Online"]
[Date "2020.10.31"]
[Round "1.71"]
[White "Zhezhovska, Monika"]
[Black "Omeri, Eklea"]
[Result "1/2-1/2"]
[ECO "E30"]
[WhiteElo "1108"]
[BlackElo "1070"]
[Annotator "NA RC"]
[PlyCount "70"]
[EventDate "2020.10.31"]
[EventType "swiss"]
[SourceTitle "playchess.com"]
[Source "ChessBase"]
[SourceQuality "1"]
[TimeControl "5400+30"]

1. d4 d5 2. c4 e6 3. Nc3 Nf6 4. Bg5 Bb4 5. e3 h6 6. Bh4 O-O 7. cxd5 exd5 8. Nf3 Bg4 9. Be2 Bxf3 10. Bxf3 c6 11. O-O Nbd7 12. Qb3 Bxc3 13. bxc3 b5 14. a4 a6 15. axb5 axb5 16. Be2 Qb6 17. Bxf6 Nxf6 18. c4 dxc4 19. Bxc4 Qc7 20. Bd3 Ng4 21. g3 Qd6 22. Rxa8 Rxa8 23. h3 Nf6 24. Rc1 Nd5 25. Rc5 Nxe3 26. fxe3 Qxg3+ 27. Kf1 Ra1+ 28. Bb1 Qxh3+ 29. Ke2 Qg2+ 30. Kd1 Qf1+ 31. Kc2 Qe2+ 32. Kc1 Qe1+ 33. Kc2 Qe2+ 34. Kc1 Qe1+ 35. Kc2 Qe2+ 1/2-1/2